 Dungeon Crawl Stone Soup version 0.31-a0-1-g4198be8af4 (webtiles) character file.

Game seed: 374969904041241156

858 MackTheKnife the Magician (level 8, -1/50 HPs)
             Began as a Djinni Air Elementalist on Apr 30, 2023.
             Was an Initiate of Gozag.
             Slain by a hell rat (19 damage)
             ... in a sewer.
             The game lasted 00:09:24 (5639 turns).

MackTheKnife the Magician (Djinni Air Elementalist) Turns: 5639, Time: 00:09:25

Health: -1/50      AC:  3    Str:  7    XL:     8   Next: 22%
Gold:   292        EV: 12    Int: 19    God:    Gozag SH:  0 Dex: 14

rFire   + + .        a - +2 dagger (protect) {short}
rCold   x . .        (no shield)
rNeg    . . .        m - +1 robe {Will+}
rPois   ∞            (no helmet)
rElec   .            (no cloak)
rCorr   .            (no gloves)
SInv    .            (boots unavailable)
Will    +....        (no amulet)
Stlth   ++           (no ring)
HPRegen 0.28/turn    (no ring)
MPRegen 0.00/turn

%: infuse magic (-2 HP)
@: flying
A: sickness immunity, fire resistance 2, cold vulnerability 1, float, innate
caster, HP casting, extra vitality 1
a: Renounce Religion, Potion Petition, Call Merchant, Bribe Branch


You were in a sewer.
You worshipped Gozag.
Gozag was aware of your devotion.
You visited 2 branches of the dungeon, and saw 6 of its levels.
You also visited: Sewer and Ossuary.

You collected 362 gold pieces.
You paid 70 gold pieces to Gozag.


Innate Abilities, Weirdness & Mutations

You are immune to sickness and miasma.
You are immune to poison.
Your flesh is very heat resistant. (rF++)
You are vulnerable to cold. (rC-)
You float through the air rather than walking.
You learn spells naturally, not from books.
Your magical power is your life essence.
You have superior vitality. (+4 MHP)


   Skills:
 + Level 0.0 Fighting
 - Level 2.1 Dodging
 - Level 1.5 Stealth
 + Level 7.2 Spellcasting


You knew the following spells:

 Your Spells              Type           Power      Damage    Failure   Level
a - Shock                 Conj/Air       100%       1d9       1%          1
b - Static Discharge      Conj/Air       68%        2-5/arc   1%          2
c - Swiftness             Air            34%        N/A       1%          3
d - Airstrike             Air            17%        2d(3-19)  4%          4
e - Beastly Appendage     Tmut           68%        N/A       1%          1
f - Ensorcelled Hibernat  Hex/Ice        68%        N/A       1%          2
g - Ozocubu's Armour      Ice            34%        N/A       1%          3
Your spell library was empty.

Inventory:

Hand Weapons
 a - a +2 dagger of protection (weapon) {short}
   (You took it off an orc wizard on level 3 of the Dungeon)
 b - a +1 sling of freezing
   (You found it on level 1 of the Dungeon)
Armour
 j - a +1 leather armour of willpower
   (You took it off an orc on level 3 of the Dungeon)
 m - a +1 robe of willpower (worn)
   (You took it off an orc wizard on level 3 of the Dungeon)
Magical Staves
 e - a staff of poison {!astaff}
   (You found it on level 2 of the Dungeon)
Wands
 f - a wand of digging (6)
   (You took it off Sigmund on level 4 of the Dungeon)
Scrolls
 g - a scroll of magic mapping {!r}
 h - a scroll of fear {unknown}
 i - 2 scrolls of enchant armour
 l - 2 scrolls of teleportation {@r4}
 o - a scroll of summoning {unknown}
 p - a scroll of brand weapon {unknown}
Potions
 c - a potion of haste {@q3}
 d - a potion of mutation {!q}
 k - a potion of attraction {!q}
 n - 2 potions of berserk rage {!q}
 q - a potion of heal wounds {unknown}

Dungeon Overview and Level Annotations

Branches:
Dungeon (5/15) Zot: 25445  Temple (1/1) D:4 Zot: 5955   Sewer (1/1) Zot: 5944
Ossuary (visited)

Altars:
Cheibriados
Gozag
Hepliaklqana
Nemelex Xobeh
Okawaru
Ru
Trog
Uskayaw
Xom
Yredelemnul
Zin
The Shining One

~~.~~.. ##.~.
..## #.~~#
~~.# ##~~##~
..## #...#~~~
r~.#
#~~##!.~##.~#
#.~#/?~~.#~~#
#∩∩#∩!~~~r@~#
#..#?!~~~#~.#
#~~##!~~##~.#
#~~.#~~ #..~#
##~~## ##.~##
#..~###~~.#
##~.~.~~~##
#.~....~#
###~~.###


You could see a hell rat and a rat.


Message History

Found a glowing drain.
You now have 272 gold pieces (gained 6). 😮 HP[+1] 😕 HP[+1]
There is a glowing drain here.
You start resting.
You hear the slow rusting of a drain. 😕 HP[+11]
You regained 11 hp, and now have 49/50 hp.
The world spins around you as you enter the gateway.
You enter a sewer!
Found a gate leading back out of this place.
There is an empty arch of ancient stone here.
The zap hits the rat.
The zap hits the rat.
You kill the rat! 😕 HP[-1]
You take 1 damage, and now have 48/50 hp.
You can't see any susceptible monsters within range! (Use Z to cast anyway.)
You can't see any susceptible monsters within range! (Use Z to cast anyway.)
You can't see any susceptible monsters within range! (Use Z to cast anyway.) Unknown command.
Casting: Shock (safe; 1% risk of failure)
Confirm with . or Enter, or press ? or * to list all spells.
Okay, then.
Unknown command.
You now have 280 gold pieces (gained 8).
A river rat comes into view. 😎 HP[+2]
Your hp is fully restored (50).
A river rat is nearby!
A river rat is nearby!
A river rat is nearby!
The zap hits the river rat.
A rat comes into view. 😕 HP[-1]
You take 1 damage, and now have 49/50 hp.
The zap hits the river rat but does no damage.
The zap hits the river rat. 😕 HP[-1]
You take 1 damage, and now have 48/50 hp.
The zap hits the river rat.
The river rat misses you. 😕 HP[-1]
You take 1 damage, and now have 47/50 hp.
The zap hits the river rat.
You kill the river rat!
You can't see any susceptible monsters within range! (Use Z to cast anyway.)
You can't see any susceptible monsters within range! (Use Z to cast anyway.)
You can't see any susceptible monsters within range! (Use Z to cast anyway.)
A rat is nearby!
A rat is nearby!
A rat is nearby!
The zap hits the rat!
You kill the rat! 😕 HP[-1]
You take 1 damage, and now have 46/50 hp.
You can't see any susceptible monsters within range! (Use Z to cast anyway.)
You can't see any susceptible monsters within range! (Use Z to cast anyway.)
You can't see any susceptible monsters within range! (Use Z to cast anyway.)
You now have 285 gold pieces (gained 5).
You now have 292 gold pieces (gained 7).
You reach down and open the door.
A hell rat comes into view.
The hell rat roars deafeningly!
The hell rat moves out of view.
Found four items.
Found a gate leading back out of this place. 😎 HP[+4]
Your hp is fully restored (50).
A rat comes into view.
The zap misses the hell rat. 😕 HP[-1]
You take 1 damage, and now have 49/50 hp.
The zap hits the hell rat.
The hell rat barely misses you.
The zap hits the hell rat.
The hell rat misses you. 😕 HP[-1]
You take 1 damage, and now have 48/50 hp.
The zap hits the hell rat.
The hell rat bites you! 😮 HP[-15]
You take 15 damage, and now have 33/50 hp.
MASSIVE DAMAGE!! (PAUSE)
Casting: Shock (safe; 1% risk of failure)
Confirm with . or Enter, or press ? or * to list all spells.
The hell rat is struck by an arc of lightning.
You are struck by an arc of lightning.
The lightning grounds out.
The hell rat bites you!
* * * LOW HITPOINT WARNING * * *
😨 HP[-10]
You take 10 damage, and now have 23/50 hp.
Unknown command.
Casting: Static Discharge (safe; 1% risk of failure)
Confirm with . or Enter, or press ? or * to list all spells.
The hell rat is struck by an arc of lightning.
You are struck by an arc of lightning.
* * * LOW HITPOINT WARNING * * *
The lightning grounds out.
* * * LOW HITPOINT WARNING * * *
The hell rat bites you!!
You die...
Your body crumbles into a pile of gold.

Skill      XL: |  1  2  3  4  5  6  7  8 |
---------------+-------------------------+-----
Spellcasting   | 3 4 5 6 7 |  7.2
Dodging        | |  2.1
Stealth        | |  1.5

Action                     |  1- 3 |  4- 6 |  7- 9 || total
---------------------------+-------+-------+-------++-------
  Melee: Unarmed           |       |    17 |     7 ||    24
         Dagger            |       |     3 |     4 ||     7
         Punch             |       |       |     2 ||     2
   Fire: Sling             |    10 |     1 |       ||    11
   Cast: Shock             |    66 |   202 |    71 ||   339
         Static Discharge  |       |     3 |     8 ||    11
         Ensorcelled Hiber |       |     4 |       ||     4
         Swiftness         |       |     1 |       ||     1
         Airstrike         |       |       |     2 ||     2
    Use: Potion            |       |     3 |       ||     3
         Scroll            |       |       |     8 ||     8
   Stab: Sleeping          |       |     1 |       ||     1
 Armour: Robe              |     1 |     4 |     3 ||     8
         Skin              |       |    20 |     3 ||    23
  Dodge: Dodged            |    10 |    13 |     6 ||    29

Levels and vault maps discovered:
D:1:      dpeg_arrival_rooms_with_view, layout_basic
D:2:      layout_basic
D:3:      layout_basic, nicolae_ecumenical_oubliette, nrook_uturn
D:4:      minmay_chambers_of_twos, layout_rooms, minmay_temple_entry_metal_lava,
          enter_ossuary_5, grunt_decor_junction, uniq_natasha, uniq_sigmund
D:5:      layout_loops_corners, nicolae_overflow_crystal_walls,
          portal_sewer_entry_d
Temple:   nicolae_temple_x_marks_the_god
Sewer:    sewer_hellmonk_bad_rat

Notes
Turn   | Place    | Note
-------+----------+-------------------------------------------
     0 | D:1      | MackTheKnife the Djinni Air Elementalist began the quest
                  | for the Orb.
     0 | D:1      | MackTheKnife set off with the following spells memorised:
                  | Shock, Static Discharge, Swiftness, Airstrike.
     0 | D:1      | Reached XP level 1. HP: 15/15 MP: 0/0
     0 | D:1      | magus.rc [v1.9.6]
    77 | D:1      | Reached XP level 2. HP: 17/21 MP: 0/0
   221 | D:1      | Reached skill level 3 in Spellcasting
   509 | D:1      | Reached XP level 3. HP: 23/25 MP: 0/0
   509 | D:1      | Learned a level 1 spell: Beastly Appendage
  1545 | D:2      | Reached XP level 4. HP: 22/31 MP: 0/0
  2170 | D:3      | Reached skill level 4 in Spellcasting
  2176 | D:3      | Reached XP level 5. HP: 28/35 MP: 0/0
  2176 | D:3      | Learned a level 2 spell: Ensorcelled Hibernation
  2220 | D:3      | Found a faded altar of an unknown god.
  2934 | D:3      | Reached XP level 6. HP: 31/40 MP: 0/0
  3265 | D:3      | Reached skill level 5 in Spellcasting
  3330 | D:4      | Found a sand-covered staircase.
  3334 | Ossuary  | Entered an ossuary
  4060 | Ossuary  | Noticed Menkaure
  4068 | Ossuary  | Killed Menkaure
  4069 | Ossuary  | Reached XP level 7. HP: 32/45 MP: 0/0
  4069 | Ossuary  | Learned a level 3 spell: Ozocubu's Armour
  4390 | D:4      | Reached skill level 6 in Spellcasting
  4579 | D:4      | Found a staircase to the Ecumenical Temple.
  4588 | Temple   | Entered the Ecumenical Temple
  4623 | Temple   | Became a worshipper of Gozag Ym Sagoz the Greedy
  4641 | D:4      | Noticed Sigmund
  4643 | D:4      | Killed Sigmund
  5021 | D:4      | Noticed Natasha
  5024 | D:4      | Killed Natasha
  5111 | D:4      | Noticed Natasha
  5116 | D:4      | Killed Natasha
  5117 | D:4      | Reached XP level 8. HP: 45/50 MP: 0/0
  5132 | D:4      | Reached skill level 7 in Spellcasting
  5421 | D:5      | Entered Level 5 of the Dungeon
  5537 | D:5      | Found a glowing drain.
  5584 | Sewer    | Entered a sewer
  5639 | Sewer    | Slain by a hell rat

Vanquished Creatures
  Sigmund (D:4)
  Menkaure (Ossuary)
  A phantom (D:4)
  A jelly (D:4)
  An orc priest (D:4)
  Natasha (twice) (D:4)
  4 orc wizards
  3 mummies (Ossuary)
  8 adders
  A river rat (Sewer)
  A worm (D:2)
  3 dart slugs
  17 orcs
  5 bats
  9 endoplasms
  5 giant cockroaches
  3 gnoll zombies (Ossuary)
  7 goblins
  8 hobgoblins
  6 jackals
  A quokka (D:3)
  6 ball pythons
  A frilled lizard (D:1)
  5 gnoll skeletons (Ossuary)
  3 goblin skeletons (Ossuary)
  10 goblin zombies (Ossuary)
  3 hobgoblin skeletons (Ossuary)
  2 hobgoblin zombies (Ossuary)
  9 kobolds
  6 kobold skeletons (Ossuary)
  4 kobold zombies (Ossuary)
  5 orc skeletons (Ossuary)
  5 orc zombies (Ossuary)
  9 rats
  3 rat skeletons (Ossuary)
  A rat zombie (Ossuary)
160 creatures vanquished.

Table legend:
 A = Non-vault XP
 B = Vault XP
 C = Vault XP percentage of total XP
 D = Non-vault monster count
 E = Vault monster count
 F = Vault count percentage of total count
                 A         B        C        D         E       F
            +---------+---------+-------+---------+---------+-------
      Total |     468 |     759 |  61.9 |      90 |      70 |  43.8
            +---------+---------+-------+---------+---------+-------
        D:1 |      34 |       2 |   5.6 |      20 |       2 |   9.1
        D:2 |      46 |       0 |   0.0 |      19 |       0 |   0.0
        D:3 |     232 |       0 |   0.0 |      34 |       0 |   0.0
        D:4 |     156 |     444 |  74.0 |      17 |      10 |  37.0
        D:5 |       0 |      14 | 100.0 |       0 |       1 | 100.0
      Sewer |       0 |      15 | 100.0 |       0 |       3 | 100.0
    Ossuary |       0 |     284 | 100.0 |       0 |      54 | 100.0
            +---------+---------+-------+---------+---------+-------

Skill      XL: |  1  2  3  4  5  6  7  8 |
---------------+-------------------------+-----
Spellcasting   | 3 4 5 6 7 |  7.2
Dodging        | |  2.1
Stealth        | |  1.5

Action                     |  1- 3 |  4- 6 |  7- 9 || total
---------------------------+-------+-------+-------++-------
  Melee: Unarmed           |       |    17 |     7 ||    24
         Dagger            |       |     3 |     4 ||     7
         Punch             |       |       |     2 ||     2
   Fire: Sling             |    10 |     1 |       ||    11
   Cast: Shock             |    66 |   202 |    71 ||   339
         Static Discharge  |       |     3 |     8 ||    11
         Ensorcelled Hiber |       |     4 |       ||     4
         Swiftness         |       |     1 |       ||     1
         Airstrike         |       |       |     2 ||     2
    Use: Potion            |       |     3 |       ||     3
         Scroll            |       |       |     8 ||     8
   Stab: Sleeping          |       |     1 |       ||     1
 Armour: Robe              |     1 |     4 |     3 ||     8
         Skin              |       |    20 |     3 ||    23
  Dodge: Dodged            |    10 |    13 |     6 ||    29

Illustrated notes

Table legend:
 A = Kills in this place as a percentage of kills in the entire game.
 B = Kills by you in this place as a percentage of kills by you in the entire game.
 C = Kills by friends in this place as a percentage of kills by friends in the entire game.
 D = Other kills in this place as a percentage of other kills in the entire game.
 E = Experience gained in this place as a percentage of experience gained in the entire game.
 F = Experience gained in this place divided by the number of levels of this place that you have seen.
                   A       B       C       D       E      F
               +-------+-------+-------+-------+-------+----------------------
         Total | 100.0 | 100.0 |   N/A |   N/A | 100.0 | 153.4
       Dungeon |  64.4 |  64.4 |   N/A |   N/A |  75.6 | 185.6
         Sewer |   1.9 |   1.9 |   N/A |   N/A |   1.2 |  15.0
       Ossuary |  33.8 |  33.8 |   N/A |   N/A |  23.1 | 284.0
               +-------+-------+-------+-------+-------+----------------------

Table legend: (Time is in decaauts)
 A = Elapsed time spent in this place.
 B = Non-inter-level travel time spent in this place.
 C = Inter-level travel time spent in this place.
 D = Time resting spent in this place.
 E = Time spent auto-exploring this place.
 F = Levels seen in this place.
 G = Mean time per level.
                   A        B        C        D        E       F      G
               +--------+--------+--------+--------+--------+-----+--------+
         Total |   5642 |   5161 |    481 |    880 |   3511 |   8 |  705.2 |
       Dungeon |   4554 |   4080 |    474 |    448 |   3135 |   5 |  910.8 |
        Temple |     44 |     37 |      7 |      0 |      0 |   1 |   44.0 |
         Sewer |     54 |     54 |      0 |      0 |     38 |   1 |   54.0 |
       Ossuary |    989 |    989 |      0 |    432 |    338 |   1 |  989.0 |
               +--------+--------+--------+--------+--------+-----+--------+

Top non-repeatable levels by time:
     D:3: 1205 daAuts
     D:4: 1090 daAuts
     D:2: 1087 daAuts
     D:1: 1064 daAuts
 Ossuary: 989 daAuts
     D:5: 106 daAuts
   Sewer: 54 daAuts
  Temple: 44 daAuts
